 Dungeon Crawl Stone Soup version 0.30-a0-29-g142975f185 (webtiles) character file.

Game seed: 2555365063858912458

25 Spectrina the Sneak (level 2, -6/18 HPs)
             Began as a Deep Elf Monk on Aug 27, 2022.
             Mangled by Sigmund
             ... wielding a +0 scythe
              (12 damage)
             ... on level 2 of the Dungeon.
             The game lasted 00:03:09 (573 turns).

Spectrina the Sneak (Deep Elf Monk)                  Turns: 573, Time: 00:03:10

Health: -6/18      AC:  2    Str:  8    XL:     2   Next: 82%
Magic:  4/4        EV: 14    Int: 14    God:
Gold:   48         SH:  0    Dex: 19    Spells: 1/1 levels left

rFire   . . .      SeeInvis .    a - +0 short sword
rCold   . . .      Faith    .    (no shield)
rNeg    . . .      Spirit   .    b - +0 robe
rPois   +          Reflect  .    (no helmet)
rElec   .          Harm     .    (no cloak)
rCorr   .          Rampage  .    (no gloves)
Will    .....                    (no boots)
Stlth   ++++......               k - amulet of the acrobat
HPRegen 0.06/turn                (no ring)
MPRegen 0.09/turn                (no ring)

@: brilliant, attractive, flying
A: thin skeletal structure 1, poison resistance
a: no special abilities


You were on level 2 of the Dungeon.
You visited 1 branch of the dungeon, and saw 2 of its levels.

You collected 48 gold pieces.

Inventory:

Hand Weapons
 a - a +0 short sword (weapon)
Missiles
 h - a throwing net (quivered)
Armour
 b - a +0 robe (worn)
Jewellery
 k - an amulet of the acrobat (around neck)
Scrolls
 d - a scroll of immolation {unknown}
 f - a scroll of enchant weapon {unknown}
 l - a scroll of teleportation {unknown}
Potions
 c - 2 potions of flight


   Skills:
 - Level 2.4 Fighting
 - Level 3.0 Short Blades
 - Level 3.6 Dodging
 + Level 4.4 Stealth


You had one spell level left.
You didn't know any spells.
Your spell library was empty.

Dungeon Overview and Level Annotations

Branches:
Dungeon (2/15)

Altars:

Annotations:
D:2 Sigmund


Innate Abilities, Weirdness & Mutations

You have a somewhat thin skeletal structure. (Dex +2, Stealth+)
Your system is resistant to poisons. (rPois)


Message History

You completely miss the kobold. The kobold hits you but does no damage.
The kobold misses you.
You barely miss the kobold.
Sigmund the Dreaded comes into view.
He is wielding a +0 scythe.
The kobold barely misses you. The kobold hits you with a +0 club.
It was a potion of flight.
You feel very buoyant.
You fly up into the air.
The kobold barely misses you.
Sigmund whispers, "You'll know eternity soon."
The kobold hits you with a +0 whip.
It was a potion of brilliance.
You feel clever all of a sudden. The kobold hits you with a +0 club.
* * * LOW HITPOINT WARNING * * *
Sigmund gestures wildly while chanting.
Sigmund flickers and vanishes!
Deactivating autopickup; reactivate with Ctrl-A.
The kobold barely misses you.
It was a potion of attraction.
You feel attractive to monsters. The kobold hits you but does no damage.
The kobold barely misses you.
Unknown command.
It was a potion of mutation.
You feel extremely strange.
Your bones become slightly less dense.
You feel resistant to poisons. Something hits you.
* * * LOW HITPOINT WARNING * * *
The kobold hits you with a +0 club.
* * * LOW HITPOINT WARNING * * *
The kobold barely misses you.
It was a potion of heal wounds.
You feel much better.
The kobold closely misses you. x2; Something barely misses you.
You aren't carrying any items that you can evoke.
You closely miss the kobold. The kobold barely misses you.
The kobold hits you with a +0 club.
You hit the kobold but do no damage. The kobold misses you. Something hits you.
The kobold barely misses you.
You closely miss the kobold. The kobold hits you with a +0 whip.
The kobold hits you but does no damage. Something hits you!
Ouch! That really hurt!
You die...

...#.#########........#
##...# #........#
##..### #........#
##...# ###.######
#.#..######...#
#.##...<....### #.#
#######.### #.# #..K?#
#.# #.K?.##@# #.#
...### #.K.# #.# #.#
###...# . ##.# #


You could see 2 kobolds.

Vanquished Creatures
  An endoplasm (D:1)
  2 giant cockroaches (D:1)
  5 goblins
  2 hobgoblins (D:1)
  2 kobolds
  5 ball pythons (D:1)
  2 bats (D:1)
  A frilled lizard (D:1)
  3 rats (D:1)
23 creatures vanquished.

Notes
Turn   | Place    | Note
-------+----------+-------------------------------------------
     0 | D:1      | Spectrina the Deep Elf Monk began the quest for the Orb.
     0 | D:1      | Reached XP level 1. HP: 13/13 MP: 3/3
    80 | D:1      | Reached skill level 3 in Stealth
   242 | D:1      | Reached XP level 2. HP: 14/18 MP: 4/4
   381 | D:1      | Reached skill level 4 in Stealth
   565 | D:2      | Noticed Sigmund
   569 | D:2      | Gained mutation: You have a somewhat thin skeletal
                  | structure. (Dex +2, Stealth+) [potion of mutation]
   569 | D:2      | Gained mutation: Your system is resistant to poisons.
                  | (rPois) [potion of mutation]
   573 | D:2      | Mangled by Sigmund

Illustrated notes

Levels and vault maps discovered:
D:1:      amcnicky_arrival_flooded_fountain, layout_basic,
          minmay_misc_feat_doors, minmay_tetromino_t4
D:2:      layout_rooms, uniq_natasha, uniq_sigmund

Skill      XL: |  1  2 |
---------------+-------+-----
Stealth        | 3 4 |  4.4
Fighting       | |  2.4
Short Blades   | |  3.0
Dodging        | |  3.6

Action                   || total
-------------------------++-------
Melee: Short sword       ||    86
       Punch             ||     1
  Use: Potion            ||     6
 Stab: Sleeping          ||     5
Armor: Robe              ||    24
Dodge: Dodged            ||    63

Table legend: (Time is in decaauts)
 A = Elapsed time spent in this place.
 B = Non-inter-level travel time spent in this place.
 C = Inter-level travel time spent in this place.
 D = Time resting spent in this place.
 E = Time spent auto-exploring this place.
 F = Levels seen in this place.
 G = Mean time per level.
                   A        B        C        D        E       F      G
               +--------+--------+--------+--------+--------+-----+--------+
         Total |    568 |    503 |     65 |      0 |      0 |   2 |  284.0 |
       Dungeon |    568 |    503 |     65 |      0 |      0 |   2 |  284.0 |
               +--------+--------+--------+--------+--------+-----+--------+

Top non-repeatable levels by time:
     D:1: 508 daAuts
     D:2: 59 daAuts
